 Dungeon Crawl Stone Soup version 0.22-a0-322-g60b3cfd (webtiles) character file.

27 4thArraOfDagon the Vexing (level 2, 0/19 HPs)
             Began as a Mummy Enchanter on Apr 2, 2018.
             Slain by a goblin
             ... wielding a +0 dagger
              (2 damage)
             ... on level 2 of the Dungeon.
             The game lasted 00:01:59 (692 turns).

4thArraOfDagon the Vexing (Mummy Enchanter)          Turns: 692, Time: 00:01:59

Health: 0/19       AC:  3    Str: 11    XL:     2   Next: 93%
Magic:  1/5        EV: 12    Int: 14    God:
Gold:   97         SH:  0    Dex: 12    Spells: 3/6 levels left

rFire    x . .     SeeInvis .   a - +1 dagger
rCold    + . .     Gourm    .   (no shield)
rNeg     + + +     Faith    .   b - +0 robe
rPois    ∞         Spirit   .   (no helmet)
rElec    .         Reflect  .   (no cloak)
rCorr    .         Harm     .   c - +0 pair of gloves
MR       .....                  (no boots)
Stlth    ++........             (no amulet)
HPRegen  0.06/turn              (no ring)
MPRegen  0.09/turn              (no ring)

@: no status effects
A: no food or potions, fire vulnerability, cold resistance 1, negative energy
resistance 3, torment resistance, unbreathing
a: no special abilities


You were on level 2 of the Dungeon.
You were not hungry.

You visited 1 branch of the dungeon, and saw 3 of its levels.

You collected 97 gold pieces.

Inventory:

Hand Weapons
 a - a +1 dagger (weapon)
Missiles
 e - 2 javelins (quivered)
Armour
 b - a +0 robe (worn)
 c - a +0 pair of gloves (worn)


   Skills:
 * Level 2.4 Short Blades
 - Level 1.5 Dodging
 - Level 2.4 Stealth
 - Level 2.6 Spellcasting
 - Level 2.6 Hexes


You had 3 spell levels left.
You knew the following spells:

 Your Spells              Type           Power        Failure   Level  Hunger
a - Corona                Hex            #......      8%          1    N/A
b - Ensorcelled Hibernat  Hex/Ice        #.....       19%         2    N/A

Dungeon Overview and Level Annotations

Branches:
Dungeon (3/15)

Altars:


Innate Abilities, Weirdness & Mutations

You do not eat or drink.
Your flesh is vulnerable to fire.
You are immune to poison.
Your flesh is cold resistant. (rC+)
You are immune to negative energy. (rN+++)
You are immune to unholy pain and torment.
You can survive without breathing.


Message History

Unknown command.
Unknown command.
Unknown command.
The adder completely misses you.
Casting: Ensorcelled Hibernation (safe; 19% risk of failure)
Confirm with . or Enter, or press ? or * to list all spells.
Aiming: Ensorcelled Hibernation (safe; 19% risk of failure)
Press: ? - help, Shift-Dir - straight line, f/p - adder
Aim: an adder (chance to defeat MR: 46%)
The adder looks drowsy...
Unknown command.
The helpless adder fails to defend itself.
You puncture the adder!
You kill the adder!
Unknown command.
A goblin comes into view. It is wielding a dagger.
Unknown command.
The goblin shouts!
You hear an angry hiss.
The goblin hits you with a dagger.
You die...

*,* #.#.....#,,* *,*
#.#..####,,* ###,*
#....#,,,,,* #.#,*
###.##.###,, #.r,*
#........#** #.#**
#.#.##.#..., #.#
#.#.#*,#**** #g#
#.#.#*,,,,,, #@#
#.#.#*******
#o#####.#.#,,,,*,,
#.......#.#*,*,*,,
#########..,,,,***
***************,*,,,,
*,,,,,,,,,,,,,*,*,***
**,*****,,,,,,*,*,*,,
*,* *,***,,*,*,*,*
*,* *,* *,,*,*,*,*


You could see an orc, a goblin and a rat (wandering).

Vanquished Creatures
  An adder (D:2)
  2 giant cockroaches
  4 goblins
  A hobgoblin (D:1)
  A quokka (D:2)
  2 bats (D:1)
  A frilled lizard (D:2)
  6 rats
18 creatures vanquished.

Notes
Turn   | Place    | Note
-------+----------+-------------------------------------------
     0 | D:1      | 4thArraOfDagon the Mummy Enchanter began the quest for the Orb.
     0 | D:1      | Reached XP level 1. HP: 13/13 MP: 4/4
    99 | D:1      | Reached skill level 1 in Short Blades
   257 | D:1      | Reached XP level 2. HP: 19/19 MP: 5/5
   261 | D:1      | Learned a level 2 spell: Ensorcelled Hibernation
   692 | D:2      | Slain by a goblin

Vault maps used:
D:1:      dpeg_arrival_simpleton_b
D:2:      serial_park_tiny_pond
D:3:      first_ration, uniq_crazy_yiuf_cottage

Skill      XL: |  1  2 |
---------------+-------+-----
Short Blades   | 1 2 |  2.4
Dodging        | |  1.5
Stealth        | |  2.4
Spellcasting   | |  2.6
Hexes          | |  2.6

Action                   || total
-------------------------++-------
Melee: Dagger            ||    57
 Cast: Corona            ||     5
       Ensorcelled Hiber ||     7
  Use: Scroll            ||     3
 Stab: Sleeping          ||     3
Armor: Robe              ||    15
Dodge: Dodged            ||    52

Table legend:
 A = Spawn XP
 B = Non-spawn XP
 C = Spawn XP percentage of total XP
 D = Spawn monster count
 E = Non-spawn monster count
 F = Spawn count percentage of total count
 G = Total turns spent on level
                    A         B        C        D         E        F      G
               +---------+---------+-------+---------+---------+-------+---------
         Total |       0 |      39 |   0.0 |       0 |      18 |   0.0 |   692
               +---------+---------+-------+---------+---------+-------+---------
           D:1 |       0 |      14 |   0.0 |       0 |      10 |   0.0 |   404
           D:2 |       0 |      25 |   0.0 |       0 |       8 |   0.0 |   283
               +---------+---------+-------+---------+---------+-------+---------
